 Dungeon Crawl Stone Soup version 0.16.1-16-gc44b35d (webtiles) character file.

128 KarvaRausku the Chopper (level 5, -1/30 HPs)
             Began as a Gargoyle Gladiator on Apr 16, 2015.
             Slain by SosiskaBagetyon's ghost (9 damage)
             ... on level 3 of the Dungeon.
             The game lasted 00:05:19 (2303 turns).

KarvaRausku the Chopper (Gargoyle Gladiator)        Turns: 2303, Time: 00:05:19

Health: -1/30      AC:  8    Str: 20    XL:     5   Next: 12%
Magic:  5/5        EV: 12    Int:  8    God:
Gold:   77         SH:  0    Dex: 10    Spells: 0 memorised, 4 levels left

rFire  . . .     SeeInvis .     a - +0 war axe
rCold  . . .     Clarity  .     b - +0 leather armour
rNeg   + . .     SustAb   .     (no shield)
rPois  ∞         Gourm    .     c - +0 helmet
rElec  +         Spirit   .     (no cloak)
rCorr  .         Warding  .     (no gloves)
rMut   +         Stasis   .     (no boots)
MR     .....                    p - amulet of resist mutation
Stlth  +.........               (no ring)
                                (no ring)

@: not resistant to hostile enchantments, very unstealthy
A: negative energy resistance 1, electricity resistance, unbreathing,
petrification resistance, rot immunity, AC +4
a: no special abilities


You were on level 3 of the Dungeon.
You were not hungry.

You visited 1 branch of the dungeon, and saw 3 of its levels.

You collected 77 gold pieces.

Inventory:

Hand weapons
 a - a +0 war axe (weapon)
Missiles
 d - 3 throwing nets (quivered)
Armour
 b - a +0 leather armour (worn)
 c - a +0 helmet (worn)
Jewellery
 p - an amulet of resist mutation (around neck)
Scrolls
 h - 2 scrolls of fear {unknown}
 i - a scroll of identify {unknown}
 j - a scroll of enchant armour {unknown}
 k - 2 scrolls of teleportation {unknown}
 l - a scroll of enchant weapon {unknown}
 m - a scroll of immolation {unknown}
 n - a scroll of amnesia {unknown}
Potions
 e - a potion of restore abilities {unknown}
Comestibles
 f - 3 bread rations
 g - 3 slices of pizza
 o - a chunk of flesh


   Skills:
 - Level 2.1 Fighting
 + Level 5.1 Axes
 - Level 2.0 Throwing
 - Level 2.4 Dodging


You had 4 spell levels left.
You didn't know any spells.

Dungeon Overview and Level Annotations

Branches:
Dungeon (3/15)

Altars:
Qazlal

Annotations:
D:3 SosiskaBagetyon's ghost, average NaFi


Innate Abilities, Weirdness & Mutations

You are resistant to torment.
You are immune to poison.
Your stone body is very resilient (AC +4).
You resist negative energy.
You are resistant to electric shocks.
You can survive without breathing.
You are immune to petrification.
You are immune to rotting.


Message History

SosiskaBagetyon's ghost is moderately damaged.
SosiskaBagetyon's ghost hits you but does no damage.
SosiskaBagetyon's ghost hits you.
You hit SosiskaBagetyon's ghost but do no damage.
SosiskaBagetyon's ghost is moderately damaged.
SosiskaBagetyon's ghost closely misses you.
You hit SosiskaBagetyon's ghost but do no damage.
SosiskaBagetyon's ghost is moderately damaged.
SosiskaBagetyon's ghost hits you.
You slash SosiskaBagetyon's ghost!
SosiskaBagetyon's ghost is moderately damaged.
SosiskaBagetyon's ghost barely misses you.
You hit SosiskaBagetyon's ghost.
SosiskaBagetyon's ghost is moderately damaged.
SosiskaBagetyon's ghost hits you!
* * * LOW HITPOINT WARNING * * *
SosiskaBagetyon's ghost hits you but does no damage.
You are too injured to fight recklessly!
SosiskaBagetyon's ghost hits you!
You die...

....#.#.#.######.######.#
#####.#...............#.#
..###.###.####.######.#.#
..........# #.........#.#
#.###.##### #..########.#
#.###.#######..#...W..#.#
#...........#..#.####.#.#
#####.#####.#..#W# #.#.#
......#.....#..#@# #.#.#
.)....#.....#..######.#.#
......#.#.#......W....#.#
#####.#...#.#..########.#
#############..# #.#
..............W########.##
############.............#
###############


You could see SosiskaBagetyon's ghost.

Vanquished Creatures
  Ijyb (D:2)
  3 adders
  2 worms
  2 giant geckos (D:2)
  5 orcs (D:3)
  2 ball pythons (D:2)
  7 bats
  A giant cockroach (D:2)
  9 goblins
  5 hobgoblins
  5 jackals (D:3)
  8 kobolds
  An ooze (D:1)
  2 quokkas (D:2)
  6 giant newts
  9 rats
68 creatures vanquished.

Notes
Turn   | Place    | Note
--------------------------------------------------------------
     0 | D:1      | KarvaRausku, the Gargoyle Gladiator, began the quest for the Orb.
     0 | D:1      | Reached XP level 1. HP: 12/12 MP: 1/1
    54 | D:1      | Reached skill level 3 in Axes
   160 | D:1      | Reached XP level 2. HP: 9/17 MP: 2/2
   592 | D:1      | Reached XP level 3. HP: 17/21 MP: 3/3
   873 | D:2      | Reached skill level 4 in Axes
  1015 | D:2      | Noticed Ijyb
  1027 | D:2      | Killed Ijyb
  1027 | D:2      | Reached XP level 4. HP: 21/26 MP: 4/4
  1397 | D:2      | Found a stormy altar of Qazlal.
  1671 | D:3      | Reached skill level 5 in Axes
  1737 | D:3      | Reached XP level 5. HP: 27/30 MP: 5/5
  1828 | D:3      | Noticed SosiskaBagetyon's ghost (average NaFi)
  2303 | D:3      | Slain by SosiskaBagetyon's ghost

Action                   |  1- 3 |  4- 6 || total
-------------------------+-------+-------++-------
Melee: War axe           |   115 |   119 ||   234
  Eat: Chunk             |       |     5 ||     5
